General information
- name: BNet
- type: Ladder 1vs1/FFA
- host: Battle.net
- saver: Torgo(Easy)
map: CentaurGrove
- players: 2
- length: 22:33
- speed: Fast
- version: 1.24 W3XP
- replay type: Public
» download(58 KB)
Players
team 1 (winner)
Torgo(Easy) (
teal | 66 APM | 1492 actions | 22:33)
5 Blademaster
3 Wind Walk
2 Critical Strike
3 Goblin Alchemist
2 Acid Bomb
1 Chemical Rage
» actions
| Assign group hotkey | 16 | |
| Basic commands | 46 | |
| Build / train | 59 | |
| ESC pressed | 1 | |
| Enter build submenu | 44 | |
| Enter hero's abilities submenu | 8 | |
| Give item / drop item | 6 | |
| Right click | 636 | |
| Select / deselect | 148 | |
| Select group hotkey | 426 | |
| Use ability | 102 | |
1492 total
» units
» upgrades
| Spiked Barricades | 2 | |
| Ranged Weapons | 3 | |
| Liquid Fire | 1 | |
| Reinforced Defenses | 1 | |
| Armor | 1 | |
8 total
» buildings
| Altar of Storms | 1 | |
| Orc Burrow | 8 | |
| Voodoo Lounge | 2 | |
| War Mill | 1 | |
| Watch Tower | 18 | |
| Stronghold | 1 | |
| Beastiary | 1 | |
| Fortress | 1 | |
| Great Hall | 2 | |
35 total
» build order
00:02 Altar of Storms
00:11 Orc Burrow
00:34 Voodoo Lounge
01:12 War Mill
01:59 Orc Burrow
02:36 Watch Tower
03:02 Watch Tower
03:40 Stronghold
03:46 Watch Tower
03:49 Watch Tower
04:52 Watch Tower
04:59 Orc Burrow
06:05 Beastiary
06:15 Fortress
06:19 Watch Tower
06:21 Watch Tower
06:31 Watch Tower
07:15 Watch Tower
07:47 Orc Burrow
07:51 Orc Burrow
10:14 Watch Tower
10:16 Watch Tower
10:17 Watch Tower
10:19 Watch Tower
11:11 Great Hall
12:07 Watch Tower
14:07 Watch Tower
19:24 Watch Tower
19:24 Watch Tower
19:25 Watch Tower
19:26 Orc Burrow
20:21 Orc Burrow
20:24 Voodoo Lounge
21:09 Orc Burrow
21:35 Great Hall
» items
| Healing Salve | 2 | |
| Lesser Clarity Potion | 2 | |
| Orb of Lightning | 2 | |
| Boots of Speed | 2 | |
| Staff of Teleportation | 1 | |
| Potion of Mana | 1 | |
10 total
team 2 (loser)
Lonevvolf (
yellow | 32 APM | 710 actions | 22:25)
3 Blademaster
1 Wind Walk
2 Mirror Image
3 Shadow Hunter
2 Healing Wave
1 Hex
» actions
| Assign group hotkey | 11 | |
| Basic commands | 116 | |
| Build / train | 51 | |
| Enter build submenu | 18 | |
| Enter hero's abilities submenu | 6 | |
| Right click | 101 | |
| Select / deselect | 283 | |
| Select group hotkey | 59 | |
| Use ability | 65 | |
710 total
» units
| Peon | 12 | |
| Grunt | 9 | |
| Raider | 7 | |
| Demolisher | 4 | |
| Kodo Beast | 1 | |
33 total
» upgrades
| Armor | 2 | |
| Melee Weapons | 2 | |
| Ensnare | 1 | |
| Pillage | 1 | |
| Spiked Barricades | 1 | |
7 total
» buildings
| Altar of Storms | 1 | |
| Orc Burrow | 7 | |
| Barracks | 1 | |
| War Mill | 1 | |
| Voodoo Lounge | 1 | |
| Stronghold | 1 | |
| Beastiary | 1 | |
| Spirit Lodge | 1 | |
| Watch Tower | 1 | |
| Great Hall | 1 | |
16 total
» build order
00:10 Altar of Storms
00:12 Orc Burrow
01:10 Orc Burrow
01:31 Barracks
01:41 War Mill
02:09 Orc Burrow
03:18 Voodoo Lounge
03:37 Stronghold
03:53 Orc Burrow
06:01 Beastiary
07:30 Orc Burrow
12:04 Spirit Lodge
12:27 Orc Burrow
12:35 Watch Tower
17:41 Orc Burrow
18:33 Great Hall
» items
Chat log
(00:19 / All) Lonevvolf: nice name
(00:22 / All) Torgo(Easy): ty
(22:18 / All) Lonevvolf: gg
(22:20 / All) Torgo(Easy): hmm
(22:21 / All) Torgo(Easy): gg
(22:24 / All) Torgo(Easy): i was gonna take ur mine